 Dungeon Crawl Stone Soup version 0.31.0-11-ge490571c62 (webtiles) character file.

Game seed: 7819963725991647383

42 ChrisAssaf the Sneak (level 3, -2/25 HPs)
             Began as a Human Enchanter on Jan 29, 2024.
             Slain by an ice beast (13 damage)
             ... on level 3 of the Dungeon.
             The game lasted 00:05:20 (1006 turns).

ChrisAssaf the Sneak (Human Enchanter)              Turns: 1006, Time: 00:05:20

Health: -2/25      AC:  4    Str:  8    XL:     3   Next: 56%
Magic:  4/6        EV: 12    Int: 17    God:
Gold:   44         SH:  0    Dex: 13    Spells: 1/6 levels left

rFire   . . .        a - +1 dagger
rCold   . . .        (no shield)
rNeg    . . .        b - +2 robe
rPois   .            (no helmet)
rElec   .            (no cloak)
rCorr   +            (no gloves)
SInv    .            (no boots)
Will    .....        (no amulet)
Stlth   ++           g - ring of resist corrosion
HPRegen 0.24/turn    (no ring)
MPRegen 0.10/turn

%: no passive effects
@: no status effects
A: explore regen
a: no special abilities


You were on level 3 of the Dungeon.
You visited 1 branch of the dungeon, and saw 3 of its levels.

You collected 44 gold pieces.

Inventory:

Hand Weapons
 a - a +1 dagger (weapon)
 h - a +0 orcbow
Missiles
 e - 5 boomerangs (quivered)
Armour
 b - a +2 robe (worn)
Jewellery
 g - a ring of resist corrosion (left hand)


   Skills:
 * Level 0.5 Fighting
 * Level 1.4 Short Blades
 * Level 0.1 Ranged Weapons
 * Level 0.5 Armour
 * Level 2.3 Dodging
 * Level 3.3 Stealth
 * Level 2.2 Spellcasting
 * Level 3.2 Hexes


You had one spell level left.
You knew the following spells:

 Your Spells              Type           Power      Damage    Failure   Level
a - Ensorcelled Hibernat  Hex/Ice        14%        N/A       14%         2
b - Tukima's Dance        Hex            13%        N/A       14%         3

Your spell library contained the following spells:

 Spells                   Type           Power      Damage    Failure   Level
 Confusing Touch          Hex            13%        N/A       14%         3
 Dazzling Flash           Conj/Hex       14%        N/A       28%         3


Dungeon Overview and Level Annotations

Branches:
Dungeon (3/15)

Altars:


Innate Abilities, Weirdness & Mutations

You regain HP and MP as you explore.


Message History

Your +1 robe glows green for a while.
h - a +0 orcbow (weapon)
There is a stone staircase leading up here.
There is a stone staircase leading up here.
An ice beast comes into view.
An endoplasm comes into view.
The ice beast moves out of view.
a - a +1 dagger (weapon)
The endoplasm quivers.
The endoplasm closely misses you.
Casting: Ensorcelled Hibernation (safe; 14% risk of failure)
Confirm with . or Enter, or press ? or * to list all spells.
Aiming: Ensorcelled Hibernation (safe; 14% risk of failure)
Press: ? - help, Shift-Dir - straight line, f - endoplasm
Aim: an endoplasm (chance to affect: 58%)
The endoplasm looks drowsy...
The helpless endoplasm fails to defend itself.
You puncture the endoplasm!
You kill the endoplasm!
h - a +0 orcbow (weapon)
Fire: h) +0 orcbow
Press: ? - help, Q - select action, (/) - cycle Shift-Dir - straight line, f - ice beast
Aim: an ice beast (44% to hit)
You shoot an arrow. The arrow hits the ice beast!
The ice beast is moderately wounded.
The ice beast hits you. The ice beast freezes you!
a - a +1 dagger (weapon)
Casting: Ensorcelled Hibernation (safe; 14% risk of failure)
Confirm with . or Enter, or press ? or * to list all spells.
You can't see any susceptible monsters within range! (Use Z to cast anyway.) Unknown command.
You aren't carrying any scrolls.
Unknown command.
You aren't carrying any potions.
Unknown command.
You aren't carrying any potions.
Unknown command.
The ice beast attacks as it pursues you!
The ice beast hits you. The ice beast freezes you!
Ouch! That really hurt!
You die...

## #............#######.#
##.#######.####.......<..#
##.#.######.# #.##########
#.#.........# #.#
#...######## #.# ## ##.##
#.# .# #.# #.# .####.#
###.# ......# #@..#
)###..# #Y### .# #..#
#.......# ## #..#
#.......# ####..#
#.......# ......#
!........# [##...#
#.#.......# .##...##
#.#.......# .)#.>... .
#.......#


You could see an ice beast.

Vanquished Creatures
  3 ribbon worms
  An orc (D:3)
  A ball python (D:3)
  4 bats
  5 endoplasms
  A giant cockroach (D:2)
  3 hobgoblins
  6 jackals (D:1)
  A quokka (D:2)
  2 kobolds (D:2)
27 creatures vanquished.

Notes
Turn   | Place    | Note
-------+----------+-------------------------------------------
     0 | D:1      | ChrisAssaf the Human Enchanter began the quest for the Orb.
     0 | D:1      | Reached XP level 1. HP: 13/13 MP: 3/3
    98 | D:1      | Reached XP level 2. HP: 13/19 MP: 5/5
   139 | D:1      | Learned a level 2 spell: Ensorcelled Hibernation
   187 | D:2      | Gained mutation: You occasionally shout uncontrollably at
                  | your foes. [potion of mutation]
   187 | D:2      | Lost mutation: You occasionally shout uncontrollably at
                  | your foes. [potion of mutation]
   517 | D:2      | Reached XP level 3. HP: 24/24 MP: 6/6
   521 | D:2      | Learned a level 3 spell: Tukima's Dance
   997 | D:3      | Noticed an ice beast
  1006 | D:3      | Slain by an ice beast

Illustrated notes

Levels and vault maps discovered:
D:1:      spicycebolla_arrival_xxxplode, layout_loops_ring
D:2:      layout_basic, grunt_decor_junction, kennysheep_path_1
D:3:      layout_loops_ring

Action                     || total
---------------------------++-------
  Melee: Dagger            ||   116
         Punch             ||     1
   Fire: Orcbow            ||    13
  Throw: Boomerang         ||     7
   Cast: Ensorcelled Hiber ||    11
         Tukima's Dance    ||     1
    Use: Potion            ||     7
         Scroll            ||     3
   Stab: Sleeping          ||    13
         Invisible         ||     2
 Armour: Robe              ||    66
  Dodge: Dodged            ||    76
